 Dungeon Crawl Stone Soup version 0.20.0 (webtiles) character file.

940 Llamajah the Shield-Bearer (level 8, -9/62 HPs)
             Began as a Formicid Fighter on July 11, 2017.
             Was an Initiate of Cheibriados.
             Mangled by an ogre
             ... wielding a +0 giant club
              (21 damage)
             ... on level 6 of the Dungeon.
             The game lasted 00:11:56 (4644 turns).

Llamajah the Shield-Bearer (Formicid Fighter)       Turns: 4644, Time: 00:11:56

Health: -9/62      AC: 12    Str: 24    XL:     8   Next: 34%
Magic:  8/8        EV:  7    Int:  9    God:    Cheibriados [......]
Gold:   240        SH: 11    Dex: 11    Spells: 7/7 levels left

rFire    . . .     SeeInvis +   a - +0 war axe
rCold    . . .     Gourm    .   c - +0 shield
rNeg     . . .     Faith    .   i - +0 plate armour
rPois    +         Spirit   .   (helmet unavailable)
rElec    .         Reflect  .   (no cloak)
rCorr    +         Harm     .   (no gloves)
MR       .....                  (no boots)
Stlth    ..........             (no amulet)
Regen    0.2/turn               m - ring of poison resistance
MPRegen  0.2/turn               q - ring of resist corrosion

@: very slow
A: permanent stasis, dig shafts and tunnels, four strong arms, antennae 3
a: Dig, Shaft Self, Bend Time, Renounce Religion


You were on level 6 of the Dungeon.
You worshipped Cheibriados.
Cheibriados was noncommittal.
You were hungry.

You visited 1 branch of the dungeon, and saw 6 of its levels.

You collected 240 gold pieces.

Inventory:

Hand Weapons
 a - a +0 war axe (weapon)
Armour
 c - a +0 shield (worn)
 i - a +0 plate armour (worn)
Jewellery
 m - a ring of poison resistance (left hand)
 q - a ring of resist corrosion (right hand)
 s - an uncursed ring of protection from cold
Wands
 y - a wand of polymorph (10/24)
Scrolls
 e - a scroll of magic mapping {unknown}
 g - 6 scrolls of remove curse
 h - 2 scrolls of enchant weapon {unknown}
 j - 9 scrolls of identify {unknown}
 l - 3 scrolls of recharging {unknown}
 t - 2 scrolls of enchant armour {unknown}
 w - a scroll of blinking {unknown}
 A - a scroll of fear {unknown}
Potions
 b - a potion of ambrosia {unknown}
 d - a potion of agility {unknown}
 k - 5 potions of curing {unknown}
 n - 2 potions of heal wounds {unknown}
 o - a potion of flight {unknown}
 r - a potion of haste {unknown}
 v - a potion of magic {unknown}
 x - a potion of might
 z - a potion of brilliance {unknown}
 C - a potion of mutation {unknown}
 D - a potion of lignification {unknown}
Books
 B - a book of Changes

   Spells                             Type                      Level
   a - Beastly Appendage              Transmutation                1
   b - Sticks to Snakes               Transmutation                2
   c - Spider Form                    Transmutation/Poison         3
   d - Ice Form                       Ice/Transmutation            4
   e - Blade Hands                    Transmutation                5
Comestibles
 f - 6 bread rations
 p - 2 royal jellies
 u - 3 meat rations


   Skills:
 + Level 5.2 Fighting
 * Level 5.4 Axes
 + Level 5.0 Armour
 + Level 2.4 Dodging
 * Level 6.4 Shields


You had 7 spell levels left.
You didn't know any spells.

Dungeon Overview and Level Annotations

Branches:
Dungeon (6/15)             Temple (0/1) D:5

Altars:
Ashenzari
Cheibriados
Dithmenos

Shops:
D:4 [   D:5 }

Annotations:
D:4 myxocpahck's ghost, novice HOAK


Innate Abilities, Weirdness & Mutations

You cannot be hasted, slowed, berserked, paralysed or teleported.
You can dig through walls and to a lower floor.
Your four strong arms can wield two-handed weapons with a shield.
You have a pair of large antennae on your head. (SInv)


Message History

The orc priest mumbles some strange prayers to Beogh against you.
Beogh smites you!
The orc wizard casts a spell.
The orc wizard flickers and vanishes for a moment.
You are too injured to fight recklessly!
You are too injured to fight recklessly!
You feel sick.
The orc wizard casts a spell.
The orc wizard seems to speed up.
The orc priest casts a cantrip, but nothing happens.
The ogre hits you with a giant club!
The orc wizard begins to cast a cantrip, but forgets the words!
You feel sick.
You are no longer poisoned.
You block the ogre's attack. The ogre hits you with a giant club!
* * * LOW HITPOINT WARNING * * *
There is a stone staircase leading up here.
The ogre hits you with a giant club!!
You die...

##.. #..# #..#
#..# #..# #
#..###.#
######......#
#...........#
#@#####.....#
#O##........#
#o##.##.##.....
####.##.##.#
.....
#....o.†...#
####
#.####..#### #
###{.# #.
#.{{.#
#.##{#.##


You could see an ogre and 2 orc wizards.

Vanquished Creatures
  The ghost of Llamajah the Shield-Bearer, an amateur FoFi (D:3)
  2 ogres
  A phantom (D:5)
  2 scorpions
  A centaur zombie (D:5)
  2 hounds (D:4)
  Jessica (D:3)
  An orc wizard (D:3)
  5 worker ants
  4 gnolls (D:5)
  9 adders
  A shadow imp (D:5)
  2 oozes (D:3)
  2 worms (D:2)
  3 dart slugs
  A leopard gecko (D:3)
  A ball python (D:4)
  2 giant cockroaches
  8 goblins
  4 hobgoblins
  A quokka (D:5)
  4 bats
  6 kobolds
  A quokka skeleton (D:4)
  7 rats
72 creatures vanquished.

Notes
Turn   | Place    | Note
-------+----------+-------------------------------------------
     0 | D:1      | Llamajah the Formicid Fighter began the quest for the Orb.
     0 | D:1      | Reached XP level 1. HP: 18/18 MP: 1/1
   226 | D:1      | Reached XP level 2. HP: 24/24 MP: 2/2
   964 | D:2      | Reached XP level 3. HP: 29/29 MP: 3/3
  1117 | D:2      | Reached skill level 4 in Shields
  1345 | D:2      | Reached XP level 4. HP: 33/37 MP: 4/4
  1968 | D:3      | Noticed Llamajah's ghost (amateur FoFi)
  1982 | D:3      | Killed Llamajah's ghost
  1982 | D:3      | Reached skill level 1 in Dodging
  1982 | D:3      | Reached XP level 5. HP: 20/42 MP: 5/5
  1982 | D:3      | Reached XP level 6. HP: 23/48 MP: 6/6
  2046 | D:3      | Reached skill level 5 in Shields
  2338 | D:3      | Found a shattered altar of Ashenzari.
  2362 | D:3      | Noticed Jessica
  2380 | D:3      | Killed Jessica
  2535 | D:4      | Found Nyliq's Armour Emporium.
  2820 | D:4      | Reached XP level 7. HP: 46/55 MP: 7/7
  2961 | D:4      | Found a snail-covered altar of Cheibriados.
  2984 | D:4      | Became a worshipper of Cheibriados the Contemplative
  3242 | D:4      | Noticed myxocpahck's ghost (novice HOAK)
  3951 | D:5      | Entered Level 5 of the Dungeon
  3951 | D:5      | Found Vonaom's Gadget Emporium.
  3957 | D:5      | Found a shadowy altar of Dithmenos.
  4052 | D:5      | Reached skill level 5 in Axes
  4116 | D:5      | Reached skill level 5 in Fighting
  4116 | D:5      | Reached skill level 6 in Shields
  4116 | D:5      | Reached XP level 8. HP: 61/62 MP: 8/8
  4153 | D:5      | Found a staircase to the Ecumenical Temple.
  4608 | D:6      | Reached skill level 5 in Armour
  4644 | D:6      | Mangled by an ogre

Skill      XL: |  1  2  3  4  5  6  7  8 |
---------------+-------------------------+-----
Shields        | 4 5 6 |  6.4
Fighting       | 4 5 |  5.2
Axes           | 3 4 5 |  5.4
Armour         | 4 5 |  5.0
Dodging        | 1 2 |  2.4

Action                   |  1- 3 |  4- 6 |  7- 9 || total
-------------------------+-------+-------+-------++-------
Melee: War axe           |    89 |   168 |   146 ||   403
       Unarmed           |       |    24 |       ||    24
 Abil: Dig               |     1 |     1 |       ||     2
  Use: Potion            |       |     1 |       ||     1
       Scroll            |       |     1 |       ||     1
  Eat: Chunk             |     1 |     5 |     5 ||    11
       Royal jelly       |       |       |     1 ||     1
Armor: Scale mail        |     7 |       |       ||     7
       Plate armour      |    44 |    99 |    69 ||   212
Dodge: Dodged            |    18 |    54 |    33 ||   105
Block: Shield            |    48 |    95 |    86 ||   229
